 Dungeon Crawl Stone Soup version 0.32-a0-18-g89e19f1974 (webtiles) character file.

Game seed: 16187590739128181860

52 case the Sneak (level 3, -3/27 HPs)
             Began as a Human Wanderer on Jan 16, 2024.
             Slain by Natasha (8 damage)
             ... on level 2 of the Dungeon.
             The game lasted 00:04:58 (1261 turns).

case the Sneak (Human Wanderer)                     Turns: 1261, Time: 00:05:00

Health: -3/27      AC:  3    Str: 22    XL:     3   Next: 85%
Magic:  0/4        EV: 11    Int: 10    God:
Gold:   80         SH:  0    Dex: 12    Spells: 2/3 levels left

rFire   . . .        i - +3 falchion "Boecek" {pain, ^Fragile rPois Str+6}
rCold   . . .        (no shield)
rNeg    . . .        f - +0 leather armour
rPois   +            (no helmet)
rElec   .            (no cloak)
rCorr   .            (no gloves)
SInv    .            (no boots)
Will    .....        (no amulet)
Stlth   +++          (no ring)
HPRegen 0.24/turn    (no ring)
MPRegen 0.09/turn

%: no passive effects
@: very slightly contaminated, slowed, very slow
A: explore regen
a: no special abilities


You were on level 2 of the Dungeon.
You visited 1 branch of the dungeon, and saw 2 of its levels.

You collected 80 gold pieces.

Inventory:

Hand Weapons
 a - a +2 dagger
 c - a +0 hand axe
 i - the +3 falchion "Boecek" (weapon) {pain, ^Fragile rPois Str+6}
   (You found it on level 2 of the Dungeon)

   Str+6:     It affects your strength (+6).
   rPois:     It protects you from poison ^Fragile: It will be destroyed if
   unequipped.
Armour
 f - a +0 leather armour (worn)
Scrolls
 b - a scroll of fear
 k - a scroll of enchant armour {unknown}
 l - a scroll of torment {unknown}
Potions
 d - a potion of curing
 e - a potion of berserk rage
 g - a potion of lignification {unknown}
 h - a potion of haste {unknown}
 j - a potion of degeneration {unknown}


   Skills:
 - Level 1.7 Fighting
 * Level 0.5 Long Blades
 - Level 2.3 Axes
 - Level 1.0 Armour
 - Level 5.3 Stealth
 + Level 0.7 Spellcasting
 * Level 1.4 Necromancy
 - Level 1.0 Evocations


You had 2 spell levels left.
You knew the following spells:

 Your Spells              Type           Power      Damage    Failure   Level
a - Necrotise             Necr           12%        1d4       22%         1

Your spell library contained the following spells:

 Spells                   Type           Power      Damage    Failure   Level
 Vampiric Draining        Necr           3%         2d6       56%         3
 Dazzling Flash           Conj/Hex       0%         N/A       77%         3
 Mephitic Cloud           Conj/Alch/Air  0%         N/A       77%         3
 Martyr's Knell           Necr/Summ      1%         N/A       97%         4
 Curse of Agony           Necr           3%         N/A       99%         5
 Silence                  Hex/Air        0%         N/A       100%        5


Dungeon Overview and Level Annotations

Branches:
Dungeon (2/15)

Altars:

Shops:
D:1 (

Annotations:
D:2 Natasha


Innate Abilities, Weirdness & Mutations

You regain HP and MP as you explore.


Message History

You barely miss Natasha.
Natasha is heavily wounded.
Natasha stares at you and mumbles some strange words.
You feel yourself slow down. The rat bites you but does no damage.
Casting: Necrotise (safe; 22% risk of failure)
Confirm with . or Enter, or press ? or * to list all spells.
Aiming: Necrotise (safe; 22% risk of failure)
Press: ? - help, Shift-Dir - straight line, f - Natasha
Aim: Natasha (heavily wounded, chance to affect: 44%) Natasha writhes in agony.
Natasha casts a spell at you. The magic dart hits you.
The rat barely misses you.
Natasha stares at you and mumbles some strange words.
You resist with significant effort.
Casting: Necrotise (safe; 22% risk of failure)
Confirm with . or Enter, or press ? or * to list all spells.
Aiming: Necrotise (safe; 22% risk of failure)
Press: ? - help, Shift-Dir - straight line, f/p - Natasha
Aim: Natasha (severely wounded, chance to affect: 44%)
You miscast Necrotise.
You are very lightly contaminated with residual magic.
Nothing appears to happen.
The rat bites you. Natasha claws you but does no damage. The rat bites you.
Casting: Necrotise (safe; 22% risk of failure)
Confirm with . or Enter, or press ? or * to list all spells.
Aiming: Necrotise (safe; 22% risk of failure)
Press: ? - help, Shift-Dir - straight line, f/p - Natasha
Aim: Natasha (severely wounded, chance to affect: 44%)
You miscast Necrotise.
Nothing appears to happen.
Natasha barely misses you. The rat bites you. Natasha claws you!
* * * LOW HITPOINT WARNING * * *
Casting: Necrotise (safe; 22% risk of failure)
Confirm with . or Enter, or press ? or * to list all spells.
Aiming: Necrotise (safe; 22% risk of failure)
Press: ? - help, Shift-Dir - straight line, f/p - Natasha
Aim: Natasha (severely wounded, chance to affect: 44%)
You miscast Necrotise.
Nothing appears to happen.
The rat completely misses you. Natasha claws you!
You die...
Natasha begins licking her fur clean.

#..)†...'...'.......#...
#.......#...#.......###.
.
##.....##...##.....##...
.
##...###...###...#####.
. ##### #...# #####..[..
# ##...#
#...###...###### #
##.....##...##.....## #
#.....r.#...#.......# [
#..$..h@'...'.......#
#.......#...#.......# ##
. ##.....##...##.....##
#> # ##...##.....##...##
#. # #####.....#######
#. # #......# #.
#......#### #. ##
###.......# #. ..#
#..####.########.


You could see Natasha and a rat.

Vanquished Creatures
  An adder (D:2)
  A ribbon worm (D:2)
  2 dart slugs
  3 ball pythons
  4 endoplasms
  2 giant cockroaches
  A goblin (D:1)
  3 hobgoblins
  2 quokkas
  6 bats
  A frilled lizard (D:1)
  4 kobolds
  5 rats
35 creatures vanquished.

Vanquished Creatures (collateral kills)
  A hobgoblin (D:2)
1 creature vanquished.

Grand Total: 36 creatures vanquished

Notes
Turn   | Place    | Note
-------+----------+-------------------------------------------
     0 | D:1      | case the Human Wanderer began the quest for the Orb.
     0 | D:1      | case set off with the following items: a +2 dagger, a
                  | scroll of fear, a +0 hand axe, a potion of curing, a potion
                  | of berserk rage, a +0 leather armour.
     0 | D:1      | Reached XP level 1. HP: 15/15 MP: 1/1
   133 | D:1      | Reached XP level 2. HP: 21/21 MP: 2/2
   135 | D:1      | Learned a level 1 spell: Necrotise
   137 | D:1      | Found Jykuad's Antique Weapon Shoppe.
   717 | D:2      | Reached XP level 3. HP: 23/26 MP: 3/3
   848 | D:2      | Reached skill level 1 in Necromancy
   855 | D:2      | Noticed a great orb of eyes
   856 | D:2      | Found a faded altar of an unknown god.
   858 | D:2      | Identified the +3 falchion "Boecek" {pain, ^Fragile rPois
                  | Str+6}
   858 | D:2      | Noticed an eye of devastation
  1251 | D:2      | Noticed Natasha
  1261 | D:2      | Slain by Natasha

Illustrated notes

Levels and vault maps discovered:
D:1:      zelgadis_glass_arrival_small, layout_rooms, serial_shops, shop
D:2:      kennysheep_six_static_rooms, layout_loops_cross,
          hellmonk_ecumenical_altar_watching_god, basic_altar,
          minmay_stone_trees_medium, st_stairs_2, uniq_natasha

Skill      XL: |  1  2  3 |
---------------+----------+-----
Necromancy     | 1 |  1.4
Fighting       | |  1.7
Long Blades    | |  0.5
Axes           | |  2.3
Armour         | |  1.0
Stealth        | |  5.3
Spellcasting   | |  0.7
Evocations     | |  1.0

Action                     || total
---------------------------++-------
  Melee: Dagger            ||    89
         Punch             ||     3
         Falchion          ||    20
   Cast: Necrotise         ||     9
   Stab: Sleeping          ||     6
 Armour: Leather armour    ||    91
  Dodge: Dodged            ||    77

Table legend: (Time is in decaauts)
 A = Elapsed time spent in this place.
 B = Non-inter-level travel time spent in this place.
 C = Inter-level travel time spent in this place.
 D = Time resting spent in this place.
 E = Time spent auto-exploring this place.
 F = Levels seen in this place.
 G = Mean time per level.
                   A        B        C        D        E       F      G
               +--------+--------+--------+--------+--------+-----+--------+
         Total |   1267 |   1249 |     18 |      0 |    917 |   2 |  633.5 |
       Dungeon |   1267 |   1249 |     18 |      0 |    917 |   2 |  633.5 |
               +--------+--------+--------+--------+--------+-----+--------+

Top non-repeatable levels by time:
     D:1: 703 daAuts
     D:2: 564 daAuts
